 Dungeon Crawl Stone Soup version 0.19.1-1-g22dce08 (webtiles) character file.

128 Jerry the Slasher (level 4, -4/37 HPs)
             Began as a Minotaur Gladiator on Dec 28, 2016.
             Slain by Dolanko's ghost (8 damage)
             ... on level 3 of the Dungeon.
             The game lasted 00:03:13 (1402 turns).

Jerry the Slasher (Minotaur Gladiator)              Turns: 1402, Time: 00:03:14

Health: -4/37      AC:  3    Str: 19    XL:     4   Next: 87%
Magic:  3/3        EV: 13    Int:  5    God:
Gold:   60         SH:  0    Dex: 12    Spells: 0 memorised, 3 levels left

rFire  . . .     SeeInvis .     a - +0 long sword
rCold  . . .     Gourm    .     b - +0 leather armour
rNeg   . . .     Faith    .     (no shield)
rPois  .         Spirit   .     c - +0 hat
rElec  .         Reflect  .     (no cloak)
rCorr  .         Harm     .     (no gloves)
MR     .....                    (no boots)
Stlth  +.........               (no amulet)
                                (no ring)
                                (no ring)

@: no status effects
A: retaliatory headbutt, horns 2
a: no special abilities


You were on level 3 of the Dungeon.
You were not hungry.

You visited 1 branch of the dungeon, and saw 3 of its levels.

You collected 60 gold pieces.

Inventory:

Hand Weapons
 a - a +0 long sword (weapon)
Missiles
 d - 3 throwing nets (quivered)
Armour
 b - a +0 leather armour (worn)
 c - a +0 hat (worn)
Scrolls
 j - 5 scrolls of identify {unknown}
 l - 2 scrolls of random uselessness {unknown}
 m - a scroll of enchant armour {unknown}
 n - 3 scrolls of remove curse {unknown}
 o - a scroll of teleportation {unknown}
 p - a scroll of recharging {unknown}
 q - a scroll of fog {unknown}
 s - a scroll of magic mapping {unknown}
Potions
 e - 2 potions of heal wounds {unknown}
 h - a potion of berserk rage {unknown}
 k - a potion of might {unknown}
Comestibles
 f - 2 bread rations
 g - a chunk of flesh
 i - a royal jelly
 r - 4 fruits


   Skills:
 - Level 2.4 Fighting
 + Level 4.8 Long Blades
 - Level 2.0 Throwing
 + Level 3.4 Armour
 + Level 4.2 Dodging


You had 3 spell levels left.
You didn't know any spells.

Dungeon Overview and Level Annotations

Branches:
Dungeon (3/15)

Altars:
Ashenzari

Annotations:
D:3 Dolanko's ghost, weakling CeHu


Innate Abilities, Weirdness & Mutations

You reflexively headbutt those who attack you in melee.
You have a pair of horns on your head.


Message History

You slash the orc wizard!
You kill the orc wizard!
You start resting.
Eating one of 2 chunks of flesh.
You start eating one of the 2 chunks of flesh.
This raw flesh tastes terrible.
You hear the slow rusting of a distant drain.
You start resting.
You hear the slow rusting of a distant drain.
You start resting.
Dolanko's ghost (weakling Centaur Hunter) comes into view.
Dolanko's ghost turns its malevolent gaze towards you.
Things that are here:
a dagger; a robe
Okay, then.
Dolanko's ghost hits you!
* * * LOW HITPOINT WARNING * * *
There is a stone staircase leading down, spattered with blood here.
You can't go up here!
Dolanko's ghost hits you!
You die...

#...............
#.##.....##### #.....#...#
##....###..## .# #....##
##..#### .# ##.#.##
#...#.##.# ##....#
#.#....#.# #...###
#>..W....#####. #...#
###†@.......... ##..##
#....)##..# )...#
#....#.))...# .##.#
#.#............. ....#
##......#.....#.#
...####...........#...#....
...............#......# ..#
<..####........##..##.. ..
...# .... ### .## .


You could see Dolanko's ghost.

Vanquished Creatures
  An orc wizard (D:3)
  3 gnolls (D:2)
  2 adders
  A dart slug (D:3)
  2 leopard geckos
  2 orcs (D:3)
  A ball python (D:2)
  3 giant cockroaches (D:1)
  3 hobgoblins (D:2)
  2 jackals (D:2)
  2 quokkas
  6 bats
  3 frilled lizards (D:1)
  7 goblins
  5 kobolds
  3 rats
46 creatures vanquished.

Notes
Turn   | Place    | Note
-------+----------+-------------------------------------------
     0 | D:1      | Jerry the Minotaur Gladiator began the quest for the Orb.
     0 | D:1      | Reached XP level 1. HP: 18/18 MP: 0/0
    29 | D:1      | Reached skill level 1 in Armour
   132 | D:1      | Reached XP level 2. HP: 25/25 MP: 1/1
   332 | D:1      | Found a shattered altar of Ashenzari.
   658 | D:2      | Reached XP level 3. HP: 30/30 MP: 2/2
   965 | D:2      | Reached XP level 4. HP: 30/37 MP: 3/3
  1398 | D:3      | Noticed Dolanko's ghost (weakling CeHu)
  1402 | D:3      | Slain by Dolanko's ghost

Skill      XL: |  1  2  3  4 |
---------------+-------------+-----
Armour         | 1 2 3 |  3.4
Long Blades    | 4 |  4.8
Dodging        | 4 |  4.2
Fighting       | |  2.4
Throwing       | |  2.0

Action                   |  1- 3 |  4- 6 || total
-------------------------+-------+-------++-------
Melee: Long sword        |    53 |    35 ||    88
       Headbutt          |     8 |     6 ||    14
  Eat: Chunk             |       |     2 ||     2
Armor: Leather armour    |    14 |     5 ||    19
Dodge: Dodged            |    47 |    24 ||    71
       Rpst.: Long sword |    21 |     8 ||    29
